 Dungeon Crawl Stone Soup version 0.17-a0-870-gcb215c1 (console) character file.

273 sose the Cleaver (level 6, -1/52 HPs)
             Began as a Hill Orc Abyssal Knight on Apr 29, 2015.
             Was an Elder of Lugonu.
             Shot with an arrow of flame by a centaur (6 damage)
             ... on level 6 of the Dungeon.
             The game lasted 00:08:28 (2859 turns).

sose the Cleaver (Hill Orc Abyssal Knight)          Turns: 2859, Time: 00:08:28

Health: -1/52      AC:  6    Str: 19    XL:     6   Next: 24%
Magic:  3/7        EV: 10    Int: 14    God:    Lugonu [****..]
Gold:   154        SH:  3    Dex: 10    Spells: 0 memorised, 5 levels left

rFire  . . .     SeeInvis .     a - +1 hand axe
rCold  . . .     Clarity  .     b - +0 leather armour
rNeg   + . .     SustAb   .     w - +0 buckler
rPois  .         Gourm    .     m - +2 hat
rElec  .         Spirit   .     (no cloak)
rCorr  .         Warding  .     (no gloves)
rMut   .         Stasis   .     s - +0 pair of boots
MR     .....                    A - amulet of rage
Stlth  +.........               g - ring of positive energy
                                l - +4 ring of strength

@: not resistant to hostile enchantments, very unstealthy
A: no striking features
a: Depart the Abyss, Bend Space, Banish, Corrupt, Renounce Religion, Evoke
Berserk Rage


You were on level 6 of the Dungeon.
You worshipped Lugonu.
Lugonu was greatly pleased with you.
You were not hungry.

You visited 1 branch of the dungeon, and saw 4 of its levels.
You visited the Abyss 1 time.

You collected 154 gold pieces.

Inventory:

Hand weapons
 a - a +1 hand axe (weapon)
Armour
 b - a +0 leather armour (worn)
 m - a +2 hat (worn)
 s - a +0 pair of boots (worn)
 w - a +0 buckler (worn)
Jewellery
 g - a ring of positive energy (right hand)
 l - a +4 ring of strength (left hand)
 n - an uncursed amulet of resist mutation
 x - an uncursed ring of teleportation
 A - an amulet of rage (around neck)
Magical devices
 y - a wand of draining (7)
Scrolls
 d - a scroll of blinking
 e - 5 scrolls of identify
 h - a scroll of remove curse
 p - a scroll of fog
 u - a scroll of enchant armour {unknown}
Potions
 f - 2 potions of curing
 i - a potion of ambrosia {unknown}
 j - 3 potions of heal wounds {unknown}
 k - 2 potions of haste {unknown}
 o - 2 potions of flight {unknown}
 q - a potion of might {unknown}
 r - a potion of degeneration {unknown}
 z - a potion of agility {unknown}
Comestibles
 c - 5 bread rations
 t - 2 beef jerkies
 v - a meat ration
 B - a slice of pizza


   Skills:
 - Level 4.2 Fighting
 + Level 8.0 Axes
 - Level 2.2 Armour
 - Level 0.7 Dodging
 - Level 2.5 Invocations


You had 5 spell levels left.
You didn't know any spells.

Dungeon Overview and Level Annotations

Branches:
Dungeon (6/15)
 Temple: D:4-7

Altars:


Message History

You closely miss the shadow imp. The shadow imp closely misses you.
Your shield and leather armour prevent you from hitting the shadow imp.
The shadow imp closely misses you.
You hit the quokka but do no damage. The quokka bites you.
You barely miss the quokka. The quokka bites you. The quokka bites you.
You closely miss the quokka. The quokka barely misses you.
Use which ability? (? or * to list) Space bends around you!
You blink.
You feel slightly more hungry.
An adder comes into view.
The centaur shoots an arrow of flame.
The arrow of flame hits you!
* * * LOW HITPOINT WARNING * * *
The arrow of flame burns you.
* * * LOW HITPOINT WARNING * * *
The centaur shoots an arrow of flame.
The arrow of flame hits you.
* * * LOW HITPOINT WARNING * * *
The arrow of flame burns you.
* * * LOW HITPOINT WARNING * * *
The centaur shoots an arrow of flame.
The arrow of flame hits you.
You die...

##. ##.... .#..... ..
.......# ...
+.......+ .....
#.......##......
.....S..##......
.........+.........
#.......@#....# ....
.........(....##.....
.#+#...Y...........
....!..r##c5#...#
.........ยง...+r).+
....#######(#...# ...
#.(...# .. +.....#
#.....#


You could see a sky beast, a centaur, an adder, a shadow imp and a quokka.

Vanquished Creatures
  The ghost of sose the Chiller, an average VSIE (D:3)
  Ijyb (D:2)
  5 adders
  5 worms
  An orc (D:3)
  A ball python (D:1)
  6 giant cockroaches
  16 goblins
  7 hobgoblins
  A quokka (D:2)
  7 bats
  A giant gecko (D:2)
  3 giant newts
  10 kobolds
  35 rats
100 creatures vanquished.

Notes
Turn   | Place    | Note
--------------------------------------------------------------
     0 | Abyss:1  | sose, the Hill Orc Abyssal Knight, began the quest for the Orb.
     0 | Abyss:1  | Reached XP level 1. HP: 19/19 MP: 2/2
    11 | D:1      | Escaped the Abyss
   221 | D:1      | Reached skill level 4 in Fighting
   221 | D:1      | Reached XP level 2. HP: 22/27 MP: 3/3
   333 | D:1      | Acquired Lugonu's second power
   629 | D:1      | Reached XP level 3. HP: 29/33 MP: 4/4
  1070 | D:2      | Reached XP level 4. HP: 24/40 MP: 5/5
  1317 | D:2      | Reached skill level 5 in Axes
  1429 | D:2      | Noticed Ijyb
  1458 | D:2      | Killed Ijyb
  1635 | D:2      | Reached skill level 6 in Axes
  1648 | D:2      | Reached XP level 5. HP: 32/46 MP: 6/6
  2119 | D:3      | Acquired Lugonu's third power
  2139 | D:3      | Noticed sose's ghost (average VSIE)
  2302 | D:3      | Killed sose's ghost
  2302 | D:3      | Reached skill level 7 in Axes
  2302 | D:3      | Reached XP level 6. HP: 22/52 MP: 7/7
  2798 | D:3      | Acquired Lugonu's fourth power
  2811 | D:3      | Reached skill level 8 in Axes
  2845 | D:3      | You fall through a shaft for 3 floors!
  2859 | D:6      | Shot with an arrow of flame by a centaur

Action                   |  1- 3 |  4- 6 || total
-------------------------+-------+-------++-------
Melee: Hand axe          |   113 |   229 ||   342
Invok: Bend Space        |       |     1 ||     1
       Banish            |       |     1 ||     1
  Use: Scroll            |       |     7 ||     7
       Potion            |       |     1 ||     1
  Eat: Chunk             |     1 |     6 ||     7
